[Event "Titled Tuesday Blitz July 11 Late 2023"]
[White "Andrews, Todd"]
[Black "Zubarev, Alexander"]
[WhiteFideId "2012456"]
[BlackFideId "14104385"]
[WhiteElo "2432"]
[BlackElo "2566"]
[Result "1-0"]
[Round "5"]
[TimeControl "180+2"]
[Date "2023.07.11"]
[WhiteClock "0:00:19"]
[BlackClock "0:00:00"]
[Board "85"]

1. e4 c5 2. Nf3 e6 3. d3 Nc6 4. g3 Nf6 5. Bg2 d5 6. Nbd2 Be7 7. O-O O-O 8. Re1 b5 9. e5 Nd7 10. Nf1 b4 11. h4 Qc7 12. Bf4 a5 13. c3 Ba6 14. h5 a4 15. a3 bxc3 16. bxc3 Rab8 17. h6 g6 18. Qd2 Rb3 19. N1h2 Rfb8 20. Ng4 Rb2 21. Qe3 d4 22. cxd4 Nxd4 23. Nxd4 cxd4 24. Qxd4 Nc5 25. Rac1 Qb6 26. Nf6+ Kh8 27. Red1 Rd8 28. Qe3 Bxd3 29. Bg5 Re2 30. Qf4 Nb3 31. Rc3 Bc5 32. Ng4 1-0


[Site "https://www.chess.com"]

[Event "Titled Tuesday Blitz July 11 Late 2023"]
[White "Ballester Llagaria, Luis Eduardo"]
[Black "Taranenko, Evgueniy"]
[WhiteFideId "2297620"]
[BlackFideId "14122138"]
[WhiteElo "2562"]
[BlackElo "2431"]
[Result "0-1"]
[Round "5"]
[TimeControl "180+2"]
[Date "2023.07.11"]
[WhiteClock "0:01:21"]
[BlackClock "0:00:53"]
[Board "86"]

1. e4 c5 2. Nc3 Nc6 3. Bb5 e6 4. Bxc6 bxc6 5. f4 d5 6. Nf3 Be7 7. d3 Nf6 8. O-O a5 9. a4 Ba6 10. b3 c4 11. bxc4 dxe4 12. dxe4 Bxc4 13. Re1 Qxd1 14. Rxd1 Bc5+ 15. Kh1 Ng4 16. Re1 Nf2+ 17. Kg1 Nd1+ 18. Kh1 Nxc3 19. Bb2 Ne2 20. Ne5 Ba6 21. Nxc6 Nxf4 22. Bxg7 Rg8 23. Be5 Nxg2 24. Bg3 Nxe1 25. Rxe1 Bb7 26. Ne5 f6 27. Nc4 Rg4 28. Nd2 O-O-O 0-1


[Site "https://www.chess.com"]

[Event "Titled Tuesday Blitz July 11 Late 2023"]
[White "Boldoo, Erdenepurev"]
[Black "Todev, Simeon"]
[WhiteFideId "4901037"]
[BlackFideId "2925133"]
[WhiteElo "2560"]
[BlackElo "2430"]
[Result "1-0"]
[Round "5"]
[TimeControl "180+2"]
[Date "2023.07.11"]
[WhiteClock "0:00:17"]
[BlackClock "0:00:31"]
[Board "87"]

1. d4 g6 2. Nc3 Bg7 3. Bf4 d6 4. h4 Nd7 5. h5 e5 6. h6 Bf6 7. dxe5 dxe5 8. Be3 Bg5 9. Bxg5 Qxg5 10. Nf3 Qe7 11. Nd5 Qd6 12. e4 Ngf6 13. Bc4 O-O 14. Nxf6+ Nxf6 15. Qxd6 cxd6 16. Nd2 b5 17. Bxb5 Rb8 18. Bd3 Rxb2 19. Nb3 a5 20. Kd2 a4 21. Kc3 a3 22. Kb4 Ba6 23. Kxa3 Bxd3 24. Kxb2 Bxe4 25. f3 Bf5 26. a4 Rc8 27. Rhc1 Nd5 28. a5 Nb4 29. a6 Bxc2 30. a7 Nd3+ 31. Ka3 Ra8 32. Rxc2 Rxa7+ 33. Na5 Rxa5+ 34. Kb3 Rb5+ 35. Kc4 Rb8 36. Kxd3 f5 37. Ra7 d5 38. Rg7+ Kh8 39. Rgc7 Kg8 40. Rc8+ Rxc8 41. Rxc8+ Kf7 42. Rh8 Kf6 43. Rxh7 Kg5 44. Rh8 Kf4 45. h7 e4+ 46. fxe4 fxe4+ 47. Kd4 e3 48. Rf8+ 1-0


[Site "https://www.chess.com"]

[Event "Titled Tuesday Blitz July 11 Late 2023"]
[White "Lopez Gracia, Fernando"]
[Black "Karttunen, Mika"]
[WhiteFideId "2207184"]
[BlackFideId "502081"]
[WhiteElo "2421"]
[BlackElo "2559"]
[Result "0-1"]
[Round "5"]
[TimeControl "180+2"]
[Date "2023.07.11"]
[WhiteClock "0:01:41"]
[BlackClock "0:00:50"]
[Board "88"]

1. e4 c5 2. Nf3 d6 3. d4 cxd4 4. Nxd4 Nf6 5. Nc3 a6 6. Bd3 e5 7. Nde2 Be6 8. O-O Be7 9. Ng3 O-O 10. Nd5 Nbd7 11. c4 Nc5 12. Bc2 b5 13. cxb5 axb5 14. h3 Nxd5 15. exd5 Bd7 16. Nf5 Bxf5 17. Bxf5 g6 18. Bc2 Bf6 19. Be3 Na4 20. b3 Nc3 21. Qf3 e4 22. Qg3 Ne2+ 23. Kh2 Nxg3 24. fxg3 Bxa1 25. Rxa1 Qf6 26. Rd1 Rxa2 27. Bd4 Qe7 28. Bb1 Re2 29. Rc1 h5 30. h4 Qd7 31. Rc6 Rc8 32. Rb6 Qg4 0-1


[Site "https://www.chess.com"]

[Event "Titled Tuesday Blitz July 11 Late 2023"]
[White "FromTexas54"]
[Black "Buchenau, Frank"]
[BlackFideId "4604350"]
[WhiteElo "2557"]
[BlackElo "2406"]
[Result "1-0"]
[Round "5"]
[TimeControl "180+2"]
[Date "2023.07.11"]
[WhiteClock "0:00:42"]
[BlackClock "0:00:00"]
[Board "89"]

1. d4 e6 2. Nf3 Nf6 3. c4 b6 4. g3 Bb7 5. Bg2 Be7 6. O-O O-O 7. d5 exd5 8. Nh4 c6 9. Nf5 dxc4 10. e4 d5 11. e5 Nfd7 12. Qg4 g6 13. Nh6+ Kh8 14. e6 Nf6 15. Qh3 Bc8 16. Bg5 Bxe6 17. Qh4 Nbd7 18. Re1 Nc5 19. Nc3 Nd3 20. Nxf7+ Rxf7 21. Rxe6 Nxf2 22. Rf1 N2g4 23. Bh3 Qd7 24. Bxg4 Bc5+ 25. Kg2 Nxg4 26. Rxf7 Qxf7 27. Qxg4 Qf2+ 28. Kh3 Rf8 29. Bf4 Qf1+ 30. Kh4 Rf5 31. Qe2 Rh5+ 32. Kg4 Qh3+ 33. Kf3 1-0


[Site "https://www.chess.com"]

[Event "Titled Tuesday Blitz July 11 Late 2023"]
[White "Bruedigam, Martin"]
[Black "Castella Garcia, Fausto"]
[WhiteFideId "24608033"]
[BlackFideId "3501922"]
[WhiteElo "2557"]
[BlackElo "2400"]
[Result "1/2-1/2"]
[Round "5"]
[TimeControl "180+2"]
[Date "2023.07.11"]
[WhiteClock "0:00:05"]
[BlackClock "0:00:07"]
[Board "90"]

1. c4 c5 2. g3 g6 3. Bg2 Bg7 4. Nc3 Nf6 5. e3 O-O 6. Nge2 Nc6 7. d4 d6 8. O-O Bg4 9. h3 Bd7 10. b3 a6 11. Bb2 Rb8 12. dxc5 dxc5 13. Qd2 Qa5 14. Rfd1 Rfd8 15. Nd5 Qxd2 16. Rxd2 Nxd5 17. cxd5 Bxb2 18. Rxb2 Na5 19. Rc1 Rdc8 20. e4 c4 21. f4 cxb3 22. axb3 Bb5 23. Rxc8+ Rxc8 24. Nd4 Rc1+ 25. Kf2 Bd7 26. e5 Kf8 27. g4 Rc3 28. f5 Bb5 29. g5 gxf5 30. Nxf5 Rxb3 31. Rc2 Nc4 32. d6 exd6 33. Nxd6 Nxe5 34. Rc8+ Ke7 35. Nxb7 Bd7 36. Rc7 Rb2+ 37. Kg1 Rb1+ 38. Kh2 Rb2 39. Kg3 Rb3+ 40. Kh2 Rb2 41. Kh1 Rb1+ 42. Kh2 Rb2 1/2-1/2


[Site "https://www.chess.com"]

[Event "Titled Tuesday Blitz July 11 Late 2023"]
[White "only_strong_moves"]
[Black "Merino Garcia, Rafael II"]
[BlackFideId "2209128"]
[WhiteElo "2552"]
[BlackElo "2497"]
[Result "0-1"]
[Round "5"]
[TimeControl "180+2"]
[Date "2023.07.11"]
[WhiteClock "0:00:11"]
[BlackClock "0:00:05"]
[Board "91"]

1. d4 Nf6 2. Nc3 e6 3. Bf4 Bb4 4. Nf3 b6 5. a3 Bxc3+ 6. bxc3 Bb7 7. g3 d6 8. Bg2 Nbd7 9. O-O Qe7 10. Bg5 h6 11. Bxf6 Nxf6 12. Nd2 Bxg2 13. Kxg2 c5 14. e4 e5 15. Qe2 O-O 16. d5 Nd7 17. a4 f5 18. f3 a6 19. Rab1 Rab8 20. Nc4 h5 21. exf5 Rxf5 22. Ne3 Rf6 23. Qxa6 Rbf8 24. Qe2 h4 25. Ng4 Rg6 26. Qe4 Qf7 27. c4 Rg5 28. gxh4 Rf5 29. Ne3 Rf4 30. Qd3 Rxf3 31. Qe4 Rf2+ 32. Kg1 Rf4 33. Qg2 Qh5 34. Rxf4 exf4 35. Ng4 f3 36. Qg3 Ne5 37. Nxe5 f2+ 38. Kf1 dxe5 39. d6 Rf3 40. Qg5 Qe8 41. Rd1 Qe6 42. d7 Qxc4+ 43. Rd3 Rxd3 44. cxd3 Qxd3+ 45. Kxf2 Qxd7 46. Qxe5 Qf7+ 47. Kg3 Qg6+ 48. Kh3 Qf6 49. Qb8+ Kh7 50. Qg3 Qe6+ 51. Kg2 Qg6 52. Kf3 Qxg3+ 53. hxg3 Kg6 54. g4 Kf6 55. Ke4 Ke6 56. g5 Kf7 57. Kd5 Kg6 58. Kc6 c4 59. Kxb6 c3 60. a5 c2 61. a6 c1=Q 62. a7 Qb2+ 63. Kc7 Qa3 64. Kb8 Kh5 65. Ka8 Kxh4 66. Kb8 Kg4 67. Ka8 Kxg5 68. Kb8 Qxa7+ 69. Kxa7 Kh4 0-1


[Site "https://www.chess.com"]

[Event "Titled Tuesday Blitz July 11 Late 2023"]
[White "Krzywda, Andrzej"]
[Black "Chen, Max"]
[WhiteFideId "1114565"]
[BlackFideId "2622440"]
[WhiteElo "2388"]
[BlackElo "2550"]
[Result "0-1"]
[Round "5"]
[TimeControl "180+2"]
[Date "2023.07.11"]
[WhiteClock "0:00:11"]
[BlackClock "0:00:22"]
[Board "92"]

1. e4 c6 2. d4 d5 3. e5 Bf5 4. h4 h5 5. Bd3 Bxd3 6. Qxd3 e6 7. Nf3 c5 8. c3 Nc6 9. O-O Nge7 10. Bg5 Qb6 11. dxc5 Qxc5 12. Nbd2 Ng6 13. b4 Qb6 14. Rfe1 Be7 15. a4 Bxg5 16. hxg5 Qc7 17. Qe3 Nce7 18. Rac1 Nf5 19. Qd3 a6 20. c4 Nf4 21. Qb3 d4 22. Ne4 Rd8 23. c5 O-O 24. Nd6 d3 25. Rcd1 b6 26. Qc4 Ne2+ 27. Kf1 Nxd6 28. exd6 Rxd6 29. Rxd3 Rxd3 30. Qxd3 Nf4 31. Qe4 bxc5 32. bxc5 Rb8 33. Kg1 Nd5 34. g6 Rb4 35. gxf7+ Qxf7 36. Qxe6 Qxe6 37. Rxe6 Rxa4 38. Rd6 Nb4 39. c6 Ra1+ 40. Kh2 Rc1 41. Ne5 a5 42. f4 a4 43. f5 Kh7 44. Rd8 Rc5 45. Nf7 g6 46. Ng5+ Kh6 47. Nf7+ Kg7 48. Rd7 Nxc6 49. Ne5+ Kf6 50. fxg6 Nxe5 51. g7 Rc8 52. Ra7 Kg5 53. Ra5 Kf5 54. Rc5 Rg8 55. Rc7 Kf6 56. Ra7 Rxg7 57. Rxa4 Kf5 58. Kh3 Rg4 59. Ra8 Rb4 60. Rf8+ Kg5 61. Rg8+ Ng6 62. Rg7 Rb3+ 63. Kh2 Kf5 64. Ra7 Nf4 65. Ra5+ Kg4 66. Ra2 Re3 67. Rb2 Re2 68. Rb8 Rxg2+ 69. Kh1 Rc2 70. Rb1 h4 71. Rg1+ Kh3 72. Ra1 Rh2+ 73. Kg1 Ne2+ 74. Kf1 Rh1+ 75. Kxe2 Rxa1 76. Kf2 Kh2 77. Kf3 h3 78. Kg4 Kg2 79. Kf4 h2 80. Ke3 h1=Q 81. Kd2 Qb1 82. Kc3 Qb2+ 83. Kc4 Rc1+ 84. Kd5 Rc3 85. Ke4 Qb4+ 86. Kf5 Rc5+ 87. Kg6 Qb6+ 88. Kf7 Rc7+ 89. Kg8 Qb8# 0-1


[Site "https://www.chess.com"]

[Event "Titled Tuesday Blitz July 11 Late 2023"]
[White "Bobkov, Vadim"]
[Black "Harriott, Tyrell"]
[WhiteFideId "34110876"]
[BlackFideId "2086484"]
[WhiteElo "2544"]
[BlackElo "2386"]
[Result "0-1"]
[Round "5"]
[TimeControl "180+2"]
[Date "2023.07.11"]
[WhiteClock "0:00:01"]
[BlackClock "0:00:30"]
[Board "93"]

1. d4 e6 2. c4 d5 3. Nc3 f5 4. Nf3 c6 5. Bf4 Ne7 6. h3 Ng6 7. Bh2 Be7 8. e3 O-O 9. Bd3 Nd7 10. Qc2 Nf6 11. O-O Ne4 12. Nd2 Bg5 13. Rae1 Qf6 14. Bxe4 dxe4 15. Bd6 Re8 16. f4 Bh6 17. Be5 Nxe5 18. dxe5 Qh4 19. c5 b6 20. b4 Ba6 21. Ne2 Bd3 22. Qb3 b5 23. Rf2 Kh8 24. Nd4 g5 25. Nxe6 g4 26. Nc7 gxh3 27. Nxe8 h2+ 28. Kh1 Qxf2 29. Rf1 Bxf1 30. Qf7 Qxg2# 0-1


[Site "https://www.chess.com"]

[Event "Titled Tuesday Blitz July 11 Late 2023"]
[White "GAO"]
[Black "Aggelis, Nikolaos"]
[BlackFideId "4213220"]
[WhiteElo "2385"]
[BlackElo "2539"]
[Result "1/2-1/2"]
[Round "5"]
[TimeControl "180+2"]
[Date "2023.07.11"]
[WhiteClock "0:00:13"]
[BlackClock "0:00:28"]
[Board "94"]

1. e4 c6 2. Nf3 d5 3. exd5 cxd5 4. Ne5 Nd7 5. d4 Ngf6 6. Bd3 g6 7. O-O Bg7 8. Qe2 O-O 9. c3 a6 10. Nd2 Ne8 11. Ndf3 Nd6 12. Re1 Nf6 13. Bg5 h6 14. Bh4 Nf5 15. Bxf6 exf6 16. Ng4 h5 17. Ne3 Re8 18. Qd2 Bh6 19. Bxf5 Bxf5 20. Qd1 Bxe3 21. Rxe3 Rxe3 22. fxe3 Qe7 23. Qd2 Re8 24. Kf2 Be4 25. Qe2 Qc7 26. Kg1 Kg7 27. Rf1 b5 28. Nd2 f5 29. Nb3 Qc4 30. Qxc4 bxc4 31. Nc5 Rb8 32. Rf2 a5 33. Kf1 Rb5 34. Ke1 Rb8 35. g3 h4 36. gxh4 Rh8 37. Rf4 g5 38. hxg5 Rxh2 39. Nxe4 fxe4 40. Rf2 Rh1+ 41. Kd2 Kg6 42. Rf6+ Kg7 43. Rf5 Rh2+ 44. Kc1 Rh1+ 45. Kc2 Rh2+ 46. Kc1 Rh1+ 47. Kc2 Rh2+ 48. Kc1 1/2-1/2


[Site "https://www.chess.com"]

[Event "Titled Tuesday Blitz July 11 Late 2023"]
[White "Tarasova, Viktoriya"]
[Black "Yelisieiev, Yevhenii"]
[WhiteFideId "4175840"]
[BlackFideId "14139642"]
[WhiteElo "2378"]
[BlackElo "2534"]
[Result "0-1"]
[Round "5"]
[TimeControl "180+2"]
[Date "2023.07.11"]
[WhiteClock "0:00:00"]
[BlackClock "0:01:31"]
[Board "95"]

1. d4 d6 2. Nf3 Nf6 3. c4 Nbd7 4. Nc3 e5 5. g3 c6 6. Bg2 e4 7. Nd2 d5 8. O-O Bd6 9. cxd5 cxd5 10. f3 exf3 11. exf3 O-O 12. Re1 Nb6 13. Nb3 Bf5 14. g4 Bg6 15. f4 Be4 16. Nxe4 Nxe4 17. g5 Re8 18. Qd3 Qc7 19. Bxe4 dxe4 20. Rxe4 Nd5 21. Bd2 Bxf4 22. Bxf4 Nxf4 23. Qf3 Nh3+ 24. Kg2 Nxg5 25. Rxe8+ Rxe8 26. Qg4 Qc2+ 27. Kh1 Re2 28. Qg3 Qe4+ 0-1


[Site "https://www.chess.com"]

[Event "Titled Tuesday Blitz July 11 Late 2023"]
[White "Hajiyev, Kanan"]
[Black "Slovineanu, Viacheslav"]
[WhiteFideId "13404148"]
[BlackFideId "13900510"]
[WhiteElo "2532"]
[BlackElo "2383"]
[Result "1-0"]
[Round "5"]
[TimeControl "180+2"]
[Date "2023.07.11"]
[WhiteClock "0:00:05"]
[BlackClock "0:00:10"]
[Board "96"]

1. d4 Nf6 2. c4 e6 3. Nf3 c5 4. e3 cxd4 5. Nxd4 d5 6. Nc3 a6 7. b3 Be7 8. Be2 dxc4 9. bxc4 O-O 10. O-O Nbd7 11. Rb1 Nc5 12. Ba3 Rb8 13. Nc6 Qc7 14. Nxb8 Qxb8 15. Na4 Qc7 16. Nxc5 Bxc5 17. Bxc5 Qxc5 18. Qd4 Qc7 19. Rfd1 e5 20. Qd6 Qa5 21. Qd2 Qc7 22. Qd6 Qa5 23. a3 h6 24. Qb4 Qc7 25. c5 e4 26. Qb6 Qe5 27. Qd6 Qg5 28. a4 Bg4 29. Bxg4 Nxg4 30. Qf4 Qh5 31. h3 Nf6 32. Rxb7 Qxc5 33. Qc7 Qa3 34. a5 Qa4 35. Rd8 Qa1+ 36. Kh2 Rxd8 37. Qxf7+ Kh7 38. Qxg7# 1-0


[Site "https://www.chess.com"]

[Event "Titled Tuesday Blitz July 11 Late 2023"]
[White "Fernandez Siles, Luis"]
[Black "MFatigue"]
[WhiteFideId "2209420"]
[WhiteElo "2376"]
[BlackElo "2531"]
[Result "0-1"]
[Round "5"]
[TimeControl "180+2"]
[Date "2023.07.11"]
[WhiteClock "0:00:23"]
[BlackClock "0:00:27"]
[Board "97"]

1. e4 e6 2. d4 d5 3. Nd2 Nf6 4. Bd3 c5 5. c3 Nc6 6. Ngf3 Be7 7. O-O dxe4 8. Nxe4 cxd4 9. cxd4 O-O 10. Nc3 Nd5 11. Qe2 Bf6 12. Qe4 g6 13. Bh6 Re8 14. h4 Nxc3 15. bxc3 Qd5 16. Qf4 Bg7 17. Ng5 e5 18. dxe5 Bxh6 19. Bc4 Bxg5 20. hxg5 Qd7 21. Rad1 Qe7 22. Rd6 Be6 23. Bb5 Red8 24. Rfd1 a6 25. Ba4 Rxd6 26. exd6 Qd7 27. c4 Bxc4 28. Qxc4 b5 29. Bxb5 axb5 30. Qxb5 Rd8 31. a4 Na7 32. Qb6 Nc8 33. Qd4 Qxd6 34. Qxd6 Rxd6 35. Rc1 Na7 36. Rc7 Ra6 0-1


[Site "https://www.chess.com"]

[Event "Titled Tuesday Blitz July 11 Late 2023"]
[White "Daianu, Cristian-Clement"]
[Black "Francisco Guecamburu, Candela Be"]
[WhiteFideId "1208926"]
[BlackFideId "160911"]
[WhiteElo "2375"]
[BlackElo "2528"]
[Result "0-1"]
[Round "5"]
[TimeControl "180+2"]
[Date "2023.07.11"]
[WhiteClock "0:02:24"]
[BlackClock "0:01:37"]
[Board "98"]

1. e4 c5 2. Nf3 g6 3. d4 cxd4 4. Nxd4 Bg7 5. Nc3 Nc6 6. Be3 Nf6 7. Nxc6 bxc6 8. e5 Ng8 9. Bd4 Nh6 10. Qd2 Nf5 11. O-O-O O-O 12. f4 Nxd4 13. Qxd4 Qa5 14. Bc4 d6 15. Rhe1 Bg4 16. Rd2 Rad8 17. e6 Bxd4 0-1


[Site "https://www.chess.com"]

[Event "Titled Tuesday Blitz July 11 Late 2023"]
[White "Kanyamarala, Tarun"]
[Black "Semenenko, Dmytry"]
[WhiteFideId "45004714"]
[BlackFideId "14118645"]
[WhiteElo "2527"]
[BlackElo "2359"]
[Result "0-1"]
[Round "5"]
[TimeControl "180+2"]
[Date "2023.07.11"]
[WhiteClock "0:00:05"]
[BlackClock "0:00:04"]
[Board "100"]

1. d4 d5 2. Nf3 Nf6 3. Bf4 c5 4. c3 Nc6 5. e3 e6 6. Nbd2 Bd6 7. Bg3 O-O 8. Bd3 b6 9. O-O Qc7 10. Bh4 Be7 11. Bg3 Bd6 12. Bxd6 Qxd6 13. e4 cxd4 14. cxd4 dxe4 15. Nxe4 Nxe4 16. Bxe4 Bb7 17. Ne5 Nxd4 18. Bxb7 Rab8 19. Nf3 e5 20. Nxd4 exd4 21. Be4 f5 22. Bd3 f4 23. Qf3 Rbc8 24. Rac1 Rc5 25. Rxc5 bxc5 26. b3 Re8 27. h3 a5 28. Bxh7+ Kf8 29. Bd3 Re6 30. Rc1 Ke7 31. Qb7+ Kf6 32. Qa7 f3 33. Qxc5 Re1+ 34. Bf1 Qxc5 35. Rxc5 Ke6 36. Rc2 Ke5 37. gxf3 Rd1 38. Kg2 d3 39. Rc5+ Kd4 40. Rxa5 d2 41. Ra8 Kc3 42. Rd8 Ra1 43. Be2 Re1 44. Rd3+ Kc2 45. Re3 Kb1 46. Bd3+ Kc1 47. Be2 Rxe2 48. Rxe2 d1=Q 49. Re3 Qd5 50. a3 Qg5+ 51. Kf1 Kd2 52. a4 Qc5 53. Kg2 Qg5+ 54. Kf1 Qh4 55. f4 Qxf4 56. Kg2 Qg5+ 57. Rg3 Qd5+ 58. Kf1 Qh1+ 59. Rg1 Qxh3+ 60. Rg2 Qd3+ 61. Kg1 Ke2 62. Rxg7 Qd1+ 63. Kh2 Qd5 64. Rg3 Qh5+ 65. Kg2 Qd5+ 66. Kg1 Qd1+ 67. Kg2 Qf1+ 68. Kh2 Kxf2 0-1


[Site "https://www.chess.com"]

[Event "Titled Tuesday Blitz July 11 Late 2023"]
[White "Vovk, Orest"]
[Black "Kostiukov, Alexandr"]
[WhiteFideId "14113490"]
[BlackFideId "14108100"]
[WhiteElo "2522"]
[BlackElo "2324"]
[Result "1-0"]
[Round "5"]
[TimeControl "180+2"]
[Date "2023.07.11"]
[WhiteClock "0:00:11"]
[BlackClock "0:00:40"]
[Board "101"]

1. g4 c5 2. Bg2 Nc6 3. h3 d5 4. c4 d4 5. Bxc6+ bxc6 6. Qa4 Qd6 7. d3 h5 8. g5 h4 9. Qa5 e5 10. Nf3 Ne7 11. Nbd2 Bf5 12. b4 Ng6 13. bxc5 Qxc5 14. Qxc5 Bxc5 15. Rb1 O-O 16. Nb3 Bb4+ 17. Bd2 c5 18. Bxb4 cxb4 19. Kd2 a5 20. Nc5 Rfc8 21. Na4 Rab8 22. Rhc1 Bxh3 23. Rh1 Bd7 24. Nb2 h3 25. Ng1 b3 26. a3 Nf4 27. e3 dxe3+ 28. fxe3 Ne6 29. Nxh3 Nc5 30. Nf2 Bc6 31. Rh4 Rd8 32. Kc3 Ne6 33. Ne4 Bxe4 34. Rxe4 f6 35. gxf6 gxf6 36. Rg1+ Kf7 37. Rh4 Rg8 38. Rh7+ Rg7 39. Rgxg7+ Nxg7 40. d4 Kg6 41. Rh1 Nf5 42. Re1 Ng3 43. c5 Kf5 44. d5 Ne4+ 45. Kc4 Nd2+ 46. Kd3 Nf3 47. Rf1 e4+ 48. Kc3 Ke5 49. Rd1 Rc8 50. Nc4+ Kf5 51. Nd6+ Kg4 52. Nxc8 1-0


[Site "https://www.chess.com"]

[Event "Titled Tuesday Blitz July 11 Late 2023"]
[White "Harish, Neeraj"]
[Black "Osmak, Yuliia"]
[WhiteFideId "30958130"]
[BlackFideId "14101602"]
[WhiteElo "2300"]
[BlackElo "2519"]
[Result "0-1"]
[Round "5"]
[TimeControl "180+2"]
[Date "2023.07.11"]
[WhiteClock "0:00:00"]
[BlackClock "0:00:12"]
[Board "102"]

1. e4 c5 2. Nf3 Nc6 3. d4 cxd4 4. Nxd4 Nf6 5. Nc3 d6 6. Bg5 e6 7. Bb5 Bd7 8. Qd3 Be7 9. O-O-O O-O 10. h4 Rc8 11. Nxc6 Bxc6 12. Bxc6 Rxc6 13. h5 h6 14. Bh4 Qa5 15. g4 Rfc8 16. Rh3 Rxc3 17. bxc3 Qxa2 18. g5 Qa3+ 19. Kd2 Rxc3 20. gxf6 Rxd3+ 21. Rxd3 Qa5+ 22. c3 gxf6 23. Rg1+ Kf8 24. Rdg3 Ke8 25. Rg8+ Kd7 26. Rb8 Qxh5 27. Rxb7+ Kc6 28. Rxe7 Qxh4 29. Rg7 Qxf2+ 30. Kd3 Qf3+ 31. Kc2 Qxe4+ 32. Kb2 Qe2+ 33. Kb3 a5 34. Rgxf7 a4+ 35. Kxa4 Qc4+ 36. Ka3 Qxc3+ 37. Ka2 Kd5 38. Rh7 f5 39. Ra7 Qd2+ 40. Kb1 e5 41. Rad7 Qb4+ 42. Kc1 e4 43. Rhf7 Qc3+ 44. Kd1 Qf3+ 0-1


[Site "https://www.chess.com"]

[Event "Titled Tuesday Blitz July 11 Late 2023"]
[White "ArchibaldCerveza29"]
[Black "StarkyNZ"]
[WhiteElo "2518"]
[BlackElo "2294"]
[Result "1-0"]
[Round "5"]
[TimeControl "180+2"]
[Date "2023.07.11"]
[WhiteClock "0:00:26"]
[BlackClock "0:01:11"]
[Board "103"]

1. e4 e6 2. d4 d5 3. Nd2 dxe4 4. Nxe4 Bd7 5. Nf3 Bc6 6. Bd3 Nd7 7. O-O Ngf6 8. Ned2 b6 9. Re1 Be7 10. c3 O-O 11. Qe2 Bb7 12. Nf1 c5 13. Ng3 Rc8 14. Bg5 cxd4 15. Nxd4 Nc5 16. Bc2 h6 17. Bf4 Nd5 18. Bd2 Bf6 19. Rad1 Qc7 20. Qg4 Kh8 21. Nh5 Nd7 22. Bxh6 gxh6 23. Qe4 Qxh2+ 24. Kxh2 Be5+ 25. Kh1 N5f6 26. Nxf6 Bxe4 27. Nxd7 Bxc2 28. Nxc2 Bg7 29. Nxf8 Rxf8 30. Rd7 a5 31. Red1 Kh7 32. Ne3 Rc8 33. Rb7 Kg6 34. Rxb6 h5 35. Rb5 h4 36. Rxa5 h3 37. gxh3 Rh8 38. Kg2 Bf8 39. Ra8 Rg8 40. Rdd8 Kf6+ 41. Kf3 Rh8 42. Rxf8 Rxh3+ 43. Kg2 Rh5 44. Ra7 Rh7 45. Rfxf7+ Rxf7 46. Rxf7+ Kxf7 47. a4 Ke7 48. a5 Kd6 49. a6 Kc7 50. f4 Kb6 51. f5 exf5 52. Nxf5 Kxa6 53. Kf3 Kb5 54. Ke4 Kc4 55. Nd4 Kc5 56. b4+ Kc4 57. Ke3 Kxc3 58. b5 Kc4 59. b6 Kc3 60. b7 Kc4 61. b8=Q Kc3 62. Qb3# 1-0


[Site "https://www.chess.com"]

[Event "Titled Tuesday Blitz July 11 Late 2023"]
[White "Ardila, Oscar Humberto"]
[Black "feuervogel1000000"]
[WhiteFideId "4404742"]
[WhiteElo "2288"]
[BlackElo "2517"]
[Result "0-1"]
[Round "5"]
[TimeControl "180+2"]
[Date "2023.07.11"]
[WhiteClock "0:00:12"]
[BlackClock "0:01:27"]
[Board "104"]

1. d4 Nf6 2. c4 e6 3. Nc3 Bb4 4. Bd2 O-O 5. Nf3 b6 6. e3 Bb7 7. Be2 d5 8. O-O Nbd7 9. Rc1 a6 10. a3 Bd6 11. b4 dxc4 12. Bxc4 e5 13. d5 e4 14. Nd4 Ne5 15. Bb3 Nd3 16. Rb1 Nxd5 17. Nxe4 Nxe3 18. Bxe3 Bxe4 19. Qg4 Bg6 20. h4 Ne5 21. Qh3 Bxb1 22. Rxb1 Qf6 23. h5 c5 24. Nf5 c4 25. Bc2 h6 26. Rd1 Rad8 27. Bxb6 Rd7 28. Bd4 Qe6 29. Qg3 f6 30. Nxh6+ Kh8 31. Nf5 Nd3 32. Qg4 Be5 33. Bxe5 Nxe5 34. Qf4 Rxd1+ 35. Bxd1 Nd3 36. Qg4 Rg8 37. h6 g6 38. Nh4 Qxg4 39. Bxg4 c3 40. Bd1 Ne1 41. Kf1 c2 42. Bxc2 Nxc2 43. Ke2 Nd4+ 44. Kd3 Ne6 45. f4 Nxf4+ 46. Kc4 Kh7 47. a4 Rc8+ 48. Kd4 Kxh6 49. b5 axb5 50. axb5 Kg5 51. Nf3+ Kg4 52. Nd2 Nxg2 53. Ne4 f5 54. Nd6 Rd8 55. Kc5 f4 56. b6 f3 57. Ne4 Kf4 58. Nf2 Ke3 59. Ng4+ Ke2 60. b7 f2 61. Nxf2 Kxf2 62. Kc6 g5 63. Kc7 Rh8 64. b8=Q Rxb8 65. Kxb8 g4 0-1


[Site "https://www.chess.com"]

[Event "Titled Tuesday Blitz July 11 Late 2023"]
[White "Tifferet, Shaked"]
[Black "Kiselev, Pavel"]
[WhiteFideId "2811529"]
[BlackFideId "4191102"]
[WhiteElo "2517"]
[BlackElo "2280"]
[Result "1-0"]
[Round "5"]
[TimeControl "180+2"]
[Date "2023.07.11"]
[WhiteClock "0:00:37"]
[BlackClock "0:00:00"]
[Board "105"]

1. c3 Nf6 2. d4 d5 3. Nf3 Bf5 4. Qb3 Nbd7 5. Qxb7 e6 6. Qb3 c5 7. dxc5 Bxc5 8. e3 Rb8 9. Qa4 O-O 10. Nbd2 Qe7 11. Be2 Nb6 12. Qh4 Qd7 13. O-O a5 14. Nb3 Bd6 15. Nxa5 e5 16. Nb3 Ng4 17. h3 Nf6 18. g4 Be6 19. Ng5 h6 20. Nxe6 Qxe6 21. Qg3 e4 22. Qg2 Na4 23. Nd4 Qe5 24. Nc6 Qe6 25. Nxb8 Rxb8 26. f4 exf3 27. Bxf3 Bc5 28. Kh1 Ne4 29. Bxe4 dxe4 30. Qc2 Qc4 31. Rd1 g6 32. b3 Qxc3 33. Qxc3 Nxc3 34. Rd7 Ra8 35. Rc7 Bb4 36. Rc4 Nd5 37. a3 Bc3 38. Ra2 f5 39. Rc5 Rd8 40. Rc2 Be5 41. Rd2 1-0


[Site "https://www.chess.com"]

[Event "Titled Tuesday Blitz July 11 Late 2023"]
[White "rikchessmx"]
[Black "Womacka, Mathias"]
[BlackFideId "4611390"]
[WhiteElo "2255"]
[BlackElo "2516"]
[Result "0-1"]
[Round "5"]
[TimeControl "180+2"]
[Date "2023.07.11"]
[WhiteClock "0:01:20"]
[BlackClock "0:01:13"]
[Board "106"]

1. e4 c5 2. Nf3 d6 3. d4 cxd4 4. Nxd4 Nf6 5. Nc3 a6 6. f4 e5 7. Nf3 Nbd7 8. Bd3 Be7 9. O-O b5 10. a3 O-O 11. Qe1 Bb7 12. Kh1 Re8 13. fxe5 Nxe5 14. Nd4 d5 15. exd5 Nxd3 16. cxd3 Nxd5 17. Nf5 Bf6 18. Qg3 Nxc3 19. bxc3 Re2 20. Rg1 Qd5 21. Ne3 Qxd3 22. Ng4 Qxg3 23. Nxf6+ gxf6 24. hxg3 Rd8 25. Bf4 Rd5 26. g4 h5 27. Kh2 hxg4 28. a4 Rd3 29. axb5 Rh3# 0-1


[Site "https://www.chess.com"]

[Event "Titled Tuesday Blitz July 11 Late 2023"]
[White "Olivares Olivares, Claudio"]
[Black "rionelG"]
[WhiteFideId "3400786"]
[WhiteElo "2510"]
[BlackElo "2265"]
[Result "0-1"]
[Round "5"]
[TimeControl "180+2"]
[Date "2023.07.11"]
[WhiteClock "0:01:44"]
[BlackClock "0:01:18"]
[Board "107"]

1. e4 c5 2. Nf3 d6 3. d4 cxd4 4. Nxd4 Nf6 5. Nc3 a6 6. Be3 e5 7. Nf3 h6 8. Bc4 Be7 9. Bb3 Be6 10. O-O O-O 11. Nh4 Nc6 12. Nf5 Bxf5 13. exf5 Rc8 14. f4 Na5 15. fxe5 dxe5 16. Qxd8 Rfxd8 17. Bb6 Nxb3 18. axb3 Bc5+ 19. Bxc5 Rxc5 20. Rfd1 Rxd1+ 21. Rxd1 e4 22. Kf2 Rxf5+ 23. Ke3 Ng4+ 24. Kxe4 Rf2 25. Rd7 Rxg2 26. Rxb7 Rxc2 27. Na4 Rxh2 28. b4 h5 29. Kf3 f5 30. Rb6 h4 31. Rxa6 Rf2# 0-1


[Site "https://www.chess.com"]